 Dungeon Crawl Stone Soup version 0.20-a0-555-gf6ae02d (webtiles) character file.

222 M4edhros the Sneak (level 5, 0/34 HPs)
             Began as an Octopode Artificer on Feb 8, 2017.
             Was an Initiate of Ru.
             Killed from afar by an orc wizard (7 damage)
             ... with a magic dart
             ... on level 3 of the Dungeon.
             The game lasted 00:02:10 (2547 turns).

M4edhros the Sneak (Octopode Artificer)             Turns: 2547, Time: 00:02:12

Health: 0/34       AC:  1    Str: 12    XL:     5   Next: 99%
Magic:  7/7        EV: 13    Int: 11    God:    Ru [......]
Gold:   77         SH:  0    Dex: 11    Spells: 4/4 levels left

rFire    . . .     SeeInvis .   y - +2 dagger (chaos)
rCold    . . .     Gourm    .   (no shield)
rNeg     . . .     Faith    .   (helmet restricted)
rPois    .         Spirit   .   (no amulet)
rElec    .         Reflect  .   i - -2 ring of dexterity (curse)
rCorr    .         Harm     .   t - ring of flight
MR       .....                  u - -2 ring of intelligence (curse)
Stlth    ++++......             (no ring)
Regen    0.2/turn               (no ring)
                                (no ring)
                                (no ring)
                                (no ring)

@: no status effects
A: almost no armour, stealthy swim, amphibious, 8 rings, constrict 8, camouflage
1, gelatinous body 1
a: Renounce Religion, Evoke Flight


You were on level 3 of the Dungeon.
You worshipped Ru.
Ru was noncommittal.
You were not hungry.

You visited 1 branch of the dungeon, and saw 3 of its levels.

You collected 77 gold pieces.

Inventory:

Hand Weapons
 a - a +0 short sword
 s - a +0 hunting sling
 y - a +2 dagger of chaos (weapon)
Missiles
 g - 19 sling bullets
 n - 66 stones (quivered)
Jewellery
 i - a cursed -2 ring of dexterity (left tentacle)
 t - a ring of flight (right tentacle)
 u - a cursed -2 ring of intelligence (on tentacle)
Wands
 b - a wand of flame (15/48)
 c - a wand of enslavement (14/24)
 d - a wand of random effects (15/48)
Scrolls
 h - a scroll of identify {unknown}
 j - 4 scrolls of remove curse {unknown}
 k - a scroll of fog {unknown}
 m - a scroll of enchant armour {unknown}
 p - a scroll of teleportation {unknown}
 r - a scroll of amnesia {unknown}
 v - a scroll of noise {unknown}
Potions
 e - a potion of invisibility {unknown}
 o - 2 potions of flight {unknown}
 q - a potion of lignification {unknown}
 w - 2 potions of ambrosia {unknown}
Comestibles
 f - a bread ration
 l - a royal jelly


   Skills:
 + Level 2.2 Fighting
 - Level 1.0 Short Blades
 * Level 2.1 Slings
 + Level 2.6 Dodging
 * Level 6.2 Stealth
 - Level 3.2 Evocations


You had 4 spell levels left.
You didn't know any spells.

Dungeon Overview and Level Annotations

Branches:
Dungeon (3/15)

Altars:
Fedhas
Okawaru
Ru
Sif Muna
Xom
Yredelemnul


Innate Abilities, Weirdness & Mutations

You cannot wear most types of armour.
You are very stealthy in the water. (Stealth+)
You are amphibious.
You can wear up to eight rings at the same time.
You can use your tentacles to constrict eight enemies at once.
Your skin changes colour to match your surroundings (Stealth+).
Your rubbery body absorbs attacks. (AC +1, EV +1)


Message History

Your Slings skill increases to level 2!
Your Stealth skill increases to level 6!
The crimson imp spits at you.
The orc throws a javelin.
The javelin completely misses you. Something hits you.
You miss something.
The orc throws a javelin.
The javelin hits you! Something hits you.
You are too injured to fight recklessly!
You are too injured to fight recklessly!
Evoke which item? (* to show all) (? for menu, Esc to quit)
Aiming: Enslavement
Press: ? - help, Shift-Dir - straight line, f - orc
Aim: an orc, wielding a mace and wearing a chain mail (chance to defeat MR: 72%) Nothing appears to happen.
This wand has 14 charges left.
The orc throws a javelin.
The javelin hits you!
* * * LOW HITPOINT WARNING * * *
You hear some strange, mumbled words.
A magic dart appears from out of thin air!
The magic dart hits you!
You die...

#.##.##.#####..# ..#
#..........#.... #o#
#..#.##.##.#.... #.#
##.#.#.###.#...# #.#
#.............. #.#
#.#..####.#.... #.#
#.#..####.#..#.
######o####..............
#.......@<..5).#.#......
#.####.................#
#)# ######(##)#.#.....#
#.#### #.##..........
#...)# #.##.####..#.#
####.######...รท......#
#........##.##.#####.#
#######.##.###.##.##.#
#...........# #..


You could see a crimson imp and an orc.

Vanquished Creatures
  3 crimson imps (D:3)
  An orc priest (D:3)
  2 adders (D:3)
  An ooze (D:1)
  A worm (D:2)
  4 dart slugs
  A leopard gecko (D:1)
  2 orcs (D:3)
  2 gnoll zombies (D:2)
  8 goblins
  6 hobgoblins
  4 kobolds (D:1)
  3 ball pythons
  10 bats
  3 frilled lizards
  3 rats
54 creatures vanquished.

Notes
Turn   | Place    | Note
-------+----------+-------------------------------------------
     0 | D:1      | M4edhros the Octopode Artificer began the quest for the Orb.
     0 | D:1      | Reached XP level 1. HP: 13/13 MP: 3/3
    32 | D:1      | Reached skill level 2 in Stealth
   105 | D:1      | Reached skill level 3 in Stealth
   105 | D:1      | Reached XP level 2. HP: 15/18 MP: 4/4
   245 | D:1      | Reached skill level 4 in Stealth
   275 | D:1      | Reached XP level 3. HP: 11/23 MP: 5/5
   628 | D:2      | Found a sacrificial altar of Ru.
   700 | D:2      | Became a worshipper of Ru the Awakened
  1304 | D:2      | Found an iron altar of Okawaru.
  1306 | D:2      | Reached skill level 5 in Stealth
  1670 | D:2      | Found a basalt altar of Yredelemnul.
  1764 | D:2      | Found a deep blue altar of Sif Muna.
  1805 | D:2      | Reached XP level 4. HP: 28/28 MP: 6/6
  2215 | D:3      | Found a shimmering altar of Xom.
  2264 | D:3      | Reached skill level 1 in Slings
  2279 | D:3      | Reached XP level 5. HP: 18/34 MP: 7/7
  2485 | D:3      | Found a blossoming altar of Fedhas.
  2545 | D:3      | Reached skill level 6 in Stealth
  2547 | D:3      | Killed from afar by an orc wizard

Vault maps used:
D:1:      dpeg_arrival_oval, hex_medium
D:2:      nicolae_overflow_crystal_walls, lemuel_doored_altar,
          lemuel_zombie_altar_yredelemnul, marbit_many_paths
D:3:      fedhas_altar_3, led_xom_imps

Skill      XL: |  1  2  3  4  5 |
---------------+----------------+-----
Stealth        | 3 4 5 6 |  6.2
Slings         | 1 2 |  2.1
Fighting       | 2 |  2.2
Short Blades   | |  1.0
Dodging        | |  2.6
Evocations     | |  3.2

Action                   |  1- 3 |  4- 6 || total
-------------------------+-------+-------++-------
Melee: Short sword       |    75 |    29 ||   104
       Constrict         |    18 |    14 ||    32
       Tentacles         |    10 |    14 ||    24
       Dagger            |       |    19 ||    19
Evoke: Wand              |       |     1 ||     1
 Stab: Sleeping          |    11 |     1 ||    12
  Eat: Chunk             |     2 |     3 ||     5
Armor: Skin              |     8 |     4 ||    12
Dodge: Dodged            |    29 |    32 ||    61
